 Dungeon Crawl Stone Soup version 0.30.0-29-ga12c61a403 (webtiles) character file.

Game seed: 16434825861212226756

61345 monsoonserge the Warrior (level 14, -2/137 HPs)
             Began as a Minotaur Fighter on June 12, 2023.
             Was an Initiate of Gozag.
             Killed by the raging water
             ... invoked by a water nymph
              (31 damage)
             ... on level 1 of the Shoals.
             The game lasted 01:07:22 (14627 turns).

monsoonserge the Warrior (Minotaur Fighter)        Turns: 14627, Time: 01:07:24

Health: -2/137     AC: 16    Str: 25    XL:     14   Next: 60%
Magic:  22/22      EV: 18    Int:  5    God:    Gozag
Gold:   2215       SH:  6    Dex: 11    Spells: 13/13 levels left

rFire   . . .        H - +7 spear (distort)
rCold   + . .        c - +0 buckler
rNeg    . . .        G - +4 scale mail of the Unseen Realm {Regen+}
rPois   .            (helmet restricted)
rElec   .            (no cloak)
rCorr   .            y - +1 pair of gloves of Vufeum {rC+}
SInv    .            Z - +0 pair of boots
Will    +....        (no amulet) Stlth
                     M - ring of flight
HPRegen 1.22/turn    S - ring of Lies {MP+9 EV+5}
MPRegen 0.18/turn

%: no passive effects
@: gold aura, flying, mesmerised
A: horns 2, retaliatory headbutt
a: Renounce Religion, Potion Petition, Call Merchant, Bribe Branch


You were on level 1 of the Shoals.
You worshipped Gozag.
Gozag was most pleased with you.
You visited 4 branches of the dungeon, and saw 18 of its levels.
You also visited: Volcano.

You collected 3821 gold pieces.
You spent 1500 gold pieces at shops.
You paid 106 gold pieces to Gozag.

Inventory:

Hand Weapons
 H - a +7 spear of distortion (weapon)
 U - a +0 shortbow
 V - a +0 longbow of flaming
 Y - a +1 arbalest of flaming
Missiles
 x - 20 poisoned darts (quivered)
 z - 4 javelins
 D - 5 boomerangs
 W - 2 throwing nets
Armour
 c - a +0 buckler (worn)
 y - the +1 pair of gloves of Vufeum (worn) {rC+}
   (You found it on level 4 of the Dungeon)

   rC:        It protects you from cold.
 G - the +4 scale mail of the Unseen Realm (worn) {Regen+}
   (You found it on level 7 of the Dungeon)

   Regen:     It increases your rate of health regeneration.
 X - +0 fire dragon scales
 Z - a +0 pair of boots (worn)
Jewellery
 b - a ring of poison resistance
 u - a +4 ring of protection
 M - a ring of flight (left hand)
 S - the ring of Lies (right hand) {MP+9 EV+5}
   (You found it on level 5 of the Lair of Beasts)

   [ring of evasion]

   EV:        It affects your evasion (+5).
   MP:        It affects your magic capacity (+9).
Wands
 w - a wand of iceblast (8)
 E - a wand of digging (3)
 L - a wand of flame (4)
 N - a wand of mindburst (16)
 T - a wand of quicksilver (8)
Scrolls
 e - 4 scrolls of immolation
 f - 2 scrolls of butterflies
 g - 5 scrolls of enchant armour
 h - 7 scrolls of fog
 i - 3 scrolls of blinking
 j - 4 scrolls of fear
 l - 12 scrolls of teleportation {unknown}
 m - 2 scrolls of brand weapon {unknown}
 q - 2 scrolls of silence {unknown}
 s - 4 scrolls of magic mapping
 t - 3 scrolls of vulnerability
 A - a scroll of poison {unknown}
 R - 2 scrolls of acquirement {unknown}
Potions
 d - 4 potions of might
 n - 4 potions of curing {unknown}
 o - 2 potions of attraction {unknown}
 r - 4 potions of heal wounds
 v - 4 potions of haste
 B - 2 potions of brilliance {unknown}
 C - 3 potions of mutation
 F - 3 potions of flight {unknown}
 I - 4 potions of invisibility
 J - 4 potions of lignification
 K - 3 potions of ambrosia
 P - 2 potions of resistance
 Q - a potion of cancellation {unknown}
Miscellaneous
 a - a phial of floods
 k - a condenser vane
 p - a lightning rod (4/4)
 O - a box of beasts


   Skills:
 + Level 16.2 Fighting
 + Level 12.7(15.8) Axes
 + Level 15.3(17.1) Polearms
 + Level 2.7 Throwing
 - Level 10.0 Armour
 + Level 9.2 Dodging
 + Level 1.8 Stealth
 + Level 9.2 Shields
 + Level 6.0 Evocations


You had 13 spell levels left.
You didn't know any spells.
Your spell library contained the following spells:

 Spells                   Type           Power      Damage    Failure   Level
 Freeze                   Ice            0%         1d3       77%         1
 Magic Dart               Conj           0%         1d3       77%         1
 Call Imp                 Summ           0%         N/A       88%         2
 Ensorcelled Hibernation  Hex/Ice        0%         N/A       88%         2
 Searing Ray              Conj           0%         2d4       88%         2
 Frozen Ramparts          Ice            0%         1d1       98%         3
 Hailstorm                Conj/Ice       0%         3d3       98%         3
 Mephitic Cloud           Conj/Pois/Air  0%         N/A       98%         3
 Ozocubu's Armour         Ice            0%         N/A       98%         3
 Spider Form              Tmut/Pois      0%         N/A       98%         3
 Vhi's Electric Charge    Tloc/Air       0%         N/A       98%         3
 Anguish                  Hex/Necr       0%         N/A       100%        4
 Fulminant Prism          Conj/Hex       0%         3d5       100%        4
 Ice Form                 Ice/Tmut       0%         N/A       100%        4
 Summon Ice Beast         Ice/Summ       0%         N/A       100%        4
 Arcjolt                  Conj/Air       0%         1d10      100%        5
 Summon Forest            Summ/Tloc      0%         N/A       100%        5
 Summon Mana Viper        Hex/Summ       0%         N/A       100%        5
 Monstrous Menagerie      Summ           0%         N/A       100%        7
 Ozocubu's Refrigeration  Ice            0%         4d7       100%        7
 Summon Hydra             Summ           0%         N/A       100%        7
 Maxwell's Capacitive Co  Air            0%         ∞         100%        8
 Summon Horrible Things   Summ           0%         N/A       100%        8


Dungeon Overview and Level Annotations

Branches:
Dungeon (11/15)            Temple (1/1) D:6            Lair (5/5) D:9
 Shoals (1/4) Lair:2        Snake (0/4) Lair:2        Slime (0/5) Lair:5
    Orc (0/2) D:11        Volcano (visited)

Altars:
Ashenzari
Cheibriados
Dithmenos
Elyvilon
Fedhas
Gozag
Hepliaklqana
Kikubaaqudgha
Makhleb
Nemelex Xobeh
Okawaru
Qazlal
Ru
Sif Muna
Trog
Uskayaw
Vehumet
Wu Jian
Xom
Yredelemnul
Zin
The Shining One
Jiyva

Shops:
D:4 *   D:6 =   D:11 [

Annotations:
Lair:3 2 transporters
Shoals:1 1 runed translucent door


Innate Abilities, Weirdness & Mutations

You have a pair of horns on your head.
You reflexively headbutt those who attack you in melee.


Message History

The water nymph touches you! The water nymph drowns you!
You hit the water nymph.
Space warps horribly around the water nymph!
The water nymph is heavily wounded.
You hit the water nymph.
The water nymph is heavily wounded.
The water nymph touches you!
* * * LOW HITPOINT WARNING * * *
The water nymph drowns you!
* * * LOW HITPOINT WARNING * * *
A torrent of water rises up through the elemental wellspring!
The torrent of water misses you.
The wave splashes down.
You hear a shout! x3; You hear an angry hiss.
Press: ? - help, v - describe, . - travel
Here: a water nymph (heavily wounded) Some shallow water.
You feel much better. The water nymph barely misses you.
The water nymph gestures at you while chanting.
The water rises up and strikes you!
You puncture the water nymph!
Space warps horribly around the water nymph!!
You kill the water nymph!
A merfolk siren comes into view. It is wielding a +0 spear.
The water nymph points at you and mumbles some strange words.
The water rises up and strikes you!!
* * * LOW HITPOINT WARNING * * *
Aiming: Thunderbolt
Press: ? - help, Shift-Dir - straight line You can't see that place. [a stone wall.]
Okay, then.
You see here 5 gold pieces.
You puncture the water nymph! Your headbutt misses the water nymph.
The water nymph is lightly wounded.
The merfolk siren chants a haunting song.
You are mesmerised by the merfolk siren!
The water nymph casts a spell at you. The water rises up and strikes you!!
You die...
Your body crumbles into a pile of gold.

..~.#.~~~~~~#≈≈##≈≈≈# ~~#
~~~~.~~~~..~~~~~#E~~# ~~ ~~
~~~~~~~~~~...#~~#~~~#..#~~~
~.~~~~~~....~~~~#~m~#..>~~~
~~~~~~~~...~~~#~##~##.#~~~~
~~~~~~~~...~~~~~~(m~~~~~~~~
~~~~~~~.###...~#~#~#~#~~~~~
≈≈~~~~~..##...~~~m~~...~~~~
≈≈~~~~~~....~~$~@~~$...~~~~
≈≈~~~~~....~~~~$$~~..(..~~~
~≈~~~~.....~.$~~~......~~~~
.~~~~~..#.~~~.~........~~~~
~~~~~..###≈~~........~~~~~~
~~~~~.## #≈≈~.(.....~~~~~~≈
~~~~~..###.~~......~~~~~~≈≈
~~~~~~.....~~..##...~~~≈≈≈
~~~~~~~.~~~~~......!~~~~≈


You could see a merfolk siren (mesmerising) and a water nymph.

Vanquished Creatures
  3 catoblepae
  3 hydras
  A centaur warrior (Shoals:1)
  5 death yaks
  A two-headed ogre (D:9)
  A boulder beetle (D:7)
  A salamander mystic (Volcano)
  2 skysharks
  3 sea snakes (Shoals:1)
  17 harpies (Shoals:1)
  An ugly thing (D:7)
  4 manticores
  2 cyclopes (D:7)
  4 salamanders (Volcano)
  5 elephants (Lair:5)
  Joseph (D:7)
  5 orange demons (D:10)
  A water nymph (Shoals:1)
  2 black mambas (Lair:1)
  2 molten gargoyles (Volcano)
  10 cane toads
  2 rime drakes (Lair:1)
  5 komodo dragons
  3 trolls
  A merfolk (Shoals:1)
  2 red devils (D:10)
  2 wind drakes (Shoals:1)
  A hornet (D:9)
  2 polar bears (Lair:4)
  8 blink frogs
  2 snapping turtles
  2 dream sheep (Shoals:1)
  29 yaks
  A wraith (D:10)
  3 wyverns
  2 fire bats (Volcano)
  Eustachio (D:5)
  Grum (D:8)
  4 basilisks
  A steam dragon (D:6)
  2 vampire mosquitoes (D:11)
  2 acid dragons
  15 water moccasins
  2 ice beasts
  2 orc warriors
  A black bear (D:5)
  2 sky beasts
  An ogre (D:5)
  10 wolves
  3 centaurs
  2 phantoms
  18 bullfrogs
  2 kobold brigands
  A gnoll sergeant (D:7)
  3 scorpions
  7 wights
  6 killer bees
  2 electric eels
  6 howler monkeys
  5 lava snakes (Volcano)
  7 jellies
  3 hounds
  4 orc priests
  A gnoll bouda (Lair:1)
  3 iguanas
  8 orc wizards
  4 hell rats
  7 adders
  A shadow imp (D:7)
  4 white imps
  2 ufetubi (D:6)
  2 worms
  A dart slug (D:2)
  30 orcs
  8 ball pythons
  A bat zombie (D:4)
  6 endoplasms
  A giant cockroach (D:1)
  7 goblins
  3 hobgoblins
  2 jackals (D:2)
  11 kobolds
  4 quokkas
  3 bats
  2 frilled lizards
  4 rats
  4 rat zombies (D:4)
371 creatures vanquished.

Vanquished Creatures (others)
  An orc wizard (D:10)
  An orc (D:11)
2 creatures vanquished.

Grand Total: 373 creatures vanquished

Notes
Turn   | Place    | Note
-------+----------+-------------------------------------------
     0 | D:1      | monsoonserge the Minotaur Fighter began the quest for the
                  | Orb.
     0 | D:1      | Reached XP level 1. HP: 19/19 MP: 0/0
   154 | D:1      | Reached XP level 2. HP: 26/27 MP: 1/1
   334 | D:1      | You fall into a shaft and drop 1 floor!
   360 | D:2      | Reached skill level 4 in Fighting
   949 | D:2      | Reached XP level 3. HP: 33/33 MP: 2/2
  1402 | D:3      | Found a stormy altar of Qazlal.
  1402 | D:3      | Found a shadowy altar of Dithmenos.
  1462 | D:3      | Reached XP level 4. HP: 39/41 MP: 3/3
  1755 | D:4      | Noticed a scorpion
  1755 | D:4      | Found Kuskuole's Gadget Gallery.
  1773 | D:4      | Reached skill level 5 in Axes
  1773 | D:4      | Reached XP level 5. HP: 39/47 MP: 4/4
  1970 | D:4      | Reached skill level 5 in Fighting
  1991 | D:4      | Reached XP level 6. HP: 39/56 MP: 5/5
  2016 | D:4      | Reached skill level 1 in Dodging
  2086 | D:4      | Reached skill level 1 in Evocations
  2127 | D:4      | Identified the +1 pair of gloves of Vufeum {rC+}
  2151 | D:4      | Reached skill level 1 in Stealth
  2394 | D:4      | Found an ancient bone altar of Kikubaaqudgha.
  2453 | D:5      | Entered Level 5 of the Dungeon
  2467 | D:5      | Reached XP level 7. HP: 61/61 MP: 6/6
  2723 | D:5      | Reached skill level 6 in Fighting
  2931 | D:5      | Noticed Eustachio
  2965 | D:5      | Killed Eustachio
  2966 | D:5      | Reached XP level 8. HP: 40/71 MP: 7/7
  2968 | D:5      | Got the Tome of the Entourage
  3595 | D:6      | Found Ytseergh's Jewellery Shop.
  3606 | D:6      | Reached skill level 7 in Fighting
  3681 | D:6      | Reached skill level 10 in Axes
  3714 | D:6      | Found a white marble altar of Elyvilon.
  3791 | D:6      | Found a staircase to the Ecumenical Temple.
  3814 | Temple   | Entered the Ecumenical Temple
  3882 | Temple   | Became a worshipper of Gozag Ym Sagoz the Greedy
  4576 | D:7      | Reached skill level 8 in Fighting
  4599 | D:7      | Identified the +4 scale mail of the Unseen Realm {Regen+}
  4731 | D:7      | Reached XP level 9. HP: 81/81 MP: 8/8
  4752 | D:7      | Reached skill level 5 in Armour
  4764 | D:7      | Noticed a boulder beetle
  4816 | D:7      | Killed a boulder beetle
  4835 | D:7      | Noticed a troll
  4835 | D:7      | Noticed a brown ugly thing
  4844 | D:7      | Killed a troll
  4845 | D:7      | Reached skill level 9 in Fighting
  4855 | D:7      | Killed a brown ugly thing
  4858 | D:7      | Noticed a cyclops
  4867 | D:7      | Killed a cyclops
  4868 | D:7      | Noticed a cyclops
  4875 | D:7      | Reached XP level 10. HP: 75/93 MP: 9/9
  4881 | D:7      | Killed a cyclops
  4882 | D:7      | Reached skill level 10 in Fighting
  4960 | D:7      | Reached skill level 1 in Polearms
  5312 | D:7      | Noticed Joseph
  5335 | D:7      | Killed Joseph
  5552 | D:8      | Reached skill level 5 in Polearms
  5610 | D:8      | Noticed a cyclops
  5619 | D:8      | Noticed Grum
  5626 | D:8      | Banished a cyclops
  5647 | D:8      | Killed Grum
  5648 | D:8      | Reached skill level 11 in Fighting
  6077 | D:9      | Reached XP level 11. HP: 100/102 MP: 10/10
  6085 | D:9      | Noticed a two-headed ogre
  6096 | D:9      | Killed a two-headed ogre
  6226 | D:9      | Found a staircase to the Lair.
  6342 | D:9      | Found an iron altar of Okawaru.
  6734 | D:9      | Found a bloodstained altar of Trog.
  6889 | D:10     | Entered Level 10 of the Dungeon
  6989 | D:10     | Reached skill level 10 in Polearms
  7090 | D:10     | Reached skill level 12 in Fighting
  7090 | D:10     | Reached skill level 5 in Shields
  7244 | D:10     | Reached skill level 5 in Dodging
  7268 | D:10     | Found an ornate altar of the Wu Jian Council.
  7531 | D:11     | Found a staircase to the Orcish Mines.
  7531 | D:11     | Found Beaw's Armour Emporium.
  7671 | D:11     | Reached XP level 12. HP: 113/113 MP: 11/11
  7917 | D:4      | Bought a phial of floods for 400 gold pieces
  7917 | D:4      | Bought a condenser vane for 400 gold pieces
  7917 | D:4      | Bought a lightning rod (4/4) for 300 gold pieces
  7917 | D:4      | Bought a box of beasts for 400 gold pieces
  8044 | Lair:1   | Entered Level 1 of the Lair of Beasts
  9094 | Lair:2   | Reached skill level 13 in Fighting
  9132 | Lair:2   | Found a staircase to the Snake Pit.
  9715 | Lair:2   | Found a staircase to the Shoals.
  9865 | Lair:3   | Found a transporter.
  9903 | Lair:3   | Found a transporter.
 10198 | Lair:3   | Found a dark tunnel.
 10268 | Volcano  | Entered a volcano
 10670 | Volcano  | Found a radiant altar of Vehumet.
 10708 | Volcano  | Reached skill level 1 in Throwing
 10975 | Lair:3   | Reached XP level 13. HP: 98/122 MP: 12/12
 11668 | Lair:4   | Reached skill level 10 in Armour
 11840 | Lair:4   | You fall into a shaft and drop 1 floor!
 11840 | Lair:5   | Entered Level 5 of the Lair of Beasts
 11863 | Lair:5   | Reached skill level 5 in Evocations
 12575 | Lair:5   | Found an iron altar of Okawaru.
 12592 | Lair:5   | Reached skill level 14 in Fighting
 12727 | Lair:5   | Found a staircase to the Slime Pits.
 12728 | Lair:5   | Found a viscous altar of Jiyva.
 13372 | Lair:4   | Reached skill level 15 in Fighting
 13416 | Lair:5   | Reached XP level 14. HP: 112/135 MP: 13/13
 13685 | Lair:5   | Identified the ring of Lies {MP+9 EV+5}
 13995 | Shoals:1 | Entered Level 1 of the Shoals
 14212 | Shoals:1 | Reached skill level 15 in Polearms
 14226 | Shoals:1 | Found a runed translucent gate.
 14417 | Shoals:1 | Reached skill level 16 in Fighting
 14627 | Shoals:1 | Killed from afar by a water nymph

Illustrated notes

Levels and vault maps discovered:
D:1:      psy_arrival_fountain, layout_basic
D:2:      layout_loops_ring
D:3:      layout_rooms, mainiacjoe_overflow_large_starburst
D:4:      nicolae_cairo_tiling_large, layout_rooms,
          lemuel_zombie_altar_kikubaaqudgha, nicolae_shop_gadgets
D:5:      layout_rooms, serial_co_window_serial, co_window_paths_b,
          co_window_corner_a, co_window_paths_b, co_window_of_opportunity_a,
          co_window_of_opportunity_a, co_window_of_opportunity_a,
          co_window_corner_a, co_window_corner_b, co_window_of_opportunity_b,
          co_window_broadway_b, co_window_of_opportunity_b, co_window_4corner_b,
          glass_columns_b, uniq_eustachio
D:6:      layout_basic, mainiacjoe_overflow_boulevard, temple_fountains,
          serial_shops, nicolae_shop_just_a_little_nook
D:7:      minmay_the_grid_triangle_9x9_rhombus_thin
          [minmay_the_grid_triangle_9x9_checkered,
          minmay_the_grid_triangle_9x9_prize_schism,
          minmay_the_grid_triangle_9x9_flanged_cone,
          minmay_the_grid_triangle_9x9_intruding_spiral], layout_cave_pods,
          uniq_joseph
D:8:      layout_rooms, nicolae_underground_beach, uniq_grum
D:9:      layout_basic, okawaru_humans, trog_book, due_lair_maze_entry_diamond
D:10:     layout_cave_pools, old_standard_altar, minmay_beelzebubs_servants
D:11:     layout_basic, orc_david_3
Temple:   regret_index_temple_waves
Lair:1:   layout_cave_pods, dreamdust_gnoll_shepherd
Lair:2:   layout_roguey, minmay_shoals_entry_hut, dummy_snake_entry
Lair:3:   layout_cave_pods, enter_volcano_1, gammafunk_ghost_abyssal_escape,
          grunt_forest_small_clearing_treed
Lair:4:   layout_gridlike
Lair:5:   evilmike_catoblepas_cave, layout_layer_cave, slime_entry_1,
          basic_altar, serial_bayou_pond_e
Shoals:1: layout_shoals, gammafunk_ghost_tricky_traps,
          nicolae_shoals_spring_well_temple

Skill      XL: |  1  2  3  4  5  6  7  8  9 10 11 12 13 14 |
---------------+-------------------------------------------+-----
Armour         | 4 6 7 8 9 10 | 10.0
Fighting       | 4 5 6 8 9 11 12 13 15 16 | 16.2
Shields        | 4 5 6 7 9 |  9.2
Axes           | 3 5 7 9 10 12 | 12.7
Dodging        | 1 2 3 4 5 6 8 9 |  9.2
Evocations     | 1 2 4 6 |  6.0
Stealth        | 1 |  1.8
Polearms       | 7 11 13 14 15 | 15.3
Throwing       | 1 2 |  2.7

Action                     |  1- 3 |  4- 6 |  7- 9 | 10-12 | 13-15 || total
---------------------------+-------+-------+-------+-------+-------++-------
  Melee: War axe           |    85 |    86 |   214 |     7 |       ||   392
         Headbutt          |     7 |    15 |    51 |   107 |   117 ||   297
         Spear             |       |       |       |   674 |   541 ||  1215
  Throw: Dart              |       |       |     4 |       |     9 ||    13
         Boomerang         |       |       |       |     2 |     4 ||     6
    Use: Potion            |       |       |     1 |     1 |     1 ||     3
         Scroll            |       |       |       |    17 |     5 ||    22
   Stab: Distracted        |       |       |       |     2 |     1 ||     3
 Armour: Scale mail        |    36 |    43 |    88 |   180 |   221 ||   568
         Plate armour      |       |       |    50 |       |       ||    50
  Dodge: Dodged            |    29 |    32 |   103 |   181 |   245 ||   590
  Block: Buckler           |    21 |    20 |    55 |    80 |   106 ||   282
